 Dungeon Crawl Stone Soup version 0.32-a0-40-g2adb59ae06 (webtiles) character file.

Game seed: 6358045986882420296

252 cforsyth the Magician (level 6, 0/47 HPs)
             Began as a Djinni Enchanter on Jan 25, 2024.
             Slain by a burial acolyte
             ... wielding a +0 dagger
              (1 damage)
             ... in an ossuary.
             The game lasted 00:04:02 (2938 turns).

cforsyth the Magician (Djinni Enchanter)            Turns: 2938, Time: 00:04:03

Health: 0/47       AC:  4    Str:  7    XL:     6   Next: 36%
Gold:   240        EV: 12    Int: 19    God:
                   SH:  0    Dex: 13

rFire   + + .        a - +1 dagger
rCold   x . .        (no shield)
rNeg    . . .        b - +0 robe
rPois   ∞            (no helmet)
rElec   .            m - +0 cloak
rCorr   .            f - +0 pair of gloves
SInv    .            (boots unavailable)
Will    .....        (no amulet)
Stlth   ++           (no ring)
HPRegen 0.27/turn    (no ring)
MPRegen 0.00/turn

%: infuse magic (-1 HP)
@: brilliant, marked, flying, very slightly contaminated
A: sickness immunity, fire resistance 2, cold vulnerability 1, float, innate
caster, HP casting, extra vitality 1
a: no special abilities


You were in an ossuary.
You visited 1 branch of the dungeon, and saw 4 of its levels.
You also visited: Ossuary.

You collected 240 gold pieces.

Inventory:

Hand Weapons
 a - a +1 dagger (weapon)
 h - a +2 dagger of venom
Armour
 b - a +0 robe (worn)
 f - a +0 pair of gloves (worn)
 m - a +0 cloak (worn)
Magical Staves
 q - a staff of cold
Jewellery
 n - an amulet of reflection
Scrolls
 d - a scroll of immolation {unknown}
 e - 2 scrolls of identify {unknown}
 g - a scroll of blinking {unknown}
 i - 2 scrolls of fear {unknown}
 k - 5 scrolls of teleportation {unknown}
 r - a scroll of poison {unknown}
Potions
 c - 2 potions of invisibility
 j - 2 potions of enlightenment {unknown}
 l - a potion of cancellation {unknown}
 o - a potion of brilliance
 p - a potion of mutation {unknown}
 s - a potion of attraction {unknown}


   Skills:
 + Level 4.0 Fighting
 - Level 0.8 Short Blades
 - Level 2.1 Dodging
 - Level 2.4 Stealth
 + Level 4.3 Spellcasting
 + Level 4.3 Conjurations
 + Level 4.3 Hexes
 + Level 4.3 Summonings
 + Level 4.3 Necromancy
 + Level 4.3 Translocations
 + Level 4.3 Fire Magic
 + Level 4.3 Ice Magic
 + Level 4.3 Air Magic
 + Level 4.3 Earth Magic
 + Level 4.3 Alchemy


You knew the following spells:

 Your Spells              Type           Power      Damage    Failure   Level
a - Ensorcelled Hibernat  Hex/Ice        60%        N/A       3%          2
b - Confusing Touch       Hex            30%        N/A       7%          3
c - Tukima's Dance        Hex            30%        N/A       7%          3
d - Dazzling Flash        Conj/Hex       60%        N/A       7%          3
e - Shock                 Conj/Air       100%       1d9       2%          1
f - Call Imp              Summ           60%        N/A       3%          2
Your spell library was empty.

Dungeon Overview and Level Annotations

Branches:
Dungeon (4/15)            Ossuary (1/1)
 Temple: D:4-7

Altars:
Hepliaklqana
Nemelex Xobeh
Okawaru


Innate Abilities, Weirdness & Mutations

You are immune to sickness and miasma.
You are immune to poison.
Your flesh is very heat resistant. (rF++)
You are vulnerable to cold. (rC-)
You float through the air rather than walking.
You learn spells naturally, not from books.
Your magical power is your life essence.
You have superior vitality. (+4 MHP)


Message History

You are very lightly contaminated with residual magic.
Nothing appears to happen.
* * * LOW HITPOINT WARNING * * *
Casting: Confusing Touch (dangerous; 7% risk of failure)
Confirm with . or Enter, or press ? or * to list all spells.
Aiming: Ensorcelled Hibernation (safe; 3% risk of failure)
Press: ? - help, Shift-Dir - straight line, f/p - burial acolyte
Aim: a burial acolyte, wielding a +0 dagger and wearing a +0 robe (chance to affect: 52%)
The burial acolyte resists with significant effort.
* * * LOW HITPOINT WARNING * * *
The burial acolyte hits you but does no damage.
Casting: Ensorcelled Hibernation (safe; 3% risk of failure)
Confirm with . or Enter, or press ? or * to list all spells.
Aiming: Ensorcelled Hibernation (safe; 3% risk of failure)
Press: ? - help, Shift-Dir - straight line, f/p - burial acolyte
Aim: a burial acolyte, wielding a +0 dagger and wearing a +0 robe (chance to affect: 52%)
The burial acolyte resists with significant effort.
* * * LOW HITPOINT WARNING * * *
The burial acolyte hits you with a +0 dagger.
* * * LOW HITPOINT WARNING * * *
Casting: Ensorcelled Hibernation (safe; 3% risk of failure)
Confirm with . or Enter, or press ? or * to list all spells.
Aiming: Ensorcelled Hibernation (safe; 3% risk of failure)
Press: ? - help, Shift-Dir - straight line, f/p - burial acolyte
Aim: a burial acolyte, wielding a +0 dagger and wearing a +0 robe (chance to affect: 52%)
The burial acolyte resists with significant effort.
* * * LOW HITPOINT WARNING * * *
The burial acolyte barely misses you.
Casting: Ensorcelled Hibernation (safe; 3% risk of failure)
Confirm with . or Enter, or press ? or * to list all spells.
Aiming: Ensorcelled Hibernation (safe; 3% risk of failure)
Press: ? - help, Shift-Dir - straight line, f/p - burial acolyte
Aim: a burial acolyte, wielding a +0 dagger and wearing a +0 robe (chance to affect: 52%)
The burial acolyte resists with significant effort.
* * * LOW HITPOINT WARNING * * *
The burial acolyte barely misses you.
It was a potion of brilliance.
You feel clever all of a sudden.
The burial acolyte hits you with a +0 dagger.
You die...

##.....## ##''.#
##.......###..#
+.........'...#
+....⌠....'.#.###
+.........'...#.#
#.......###..#.#
##.....## ##''.#
##+#'## #p###
#...# ##@## ##.##
#...# #.∩.# #...#
#.∩.# ##### #####


You could see a burial acolyte.

Vanquished Creatures
  A centaur zombie (Ossuary)
  A sleepcap (D:4)
  An orc wizard (D:3)
  4 adders
  4 gnolls (D:2)
  A ribbon worm (D:2)
  2 orcs (D:2)
  8 ball pythons
  6 endoplasms
  3 giant cockroaches
  2 gnoll zombies (Ossuary)
  14 goblins
  3 hobgoblins
  5 jackals
  8 kobolds
  6 quokkas
  4 bats
  2 frilled lizards
  A kobold zombie (Ossuary)
  8 rats
84 creatures vanquished.

Notes
Turn   | Place    | Note
-------+----------+-------------------------------------------
     0 | D:1      | cforsyth the Djinni Enchanter began the quest for the Orb.
     0 | D:1      | cforsyth set off with the following spells memorised:
                  | Ensorcelled Hibernation, Confusing Touch, Tukima's Dance,
                  | Dazzling Flash.
     0 | D:1      | Reached XP level 1. HP: 15/15 MP: 0/0
   148 | D:1      | Reached XP level 2. HP: 17/22 MP: 0/0
   159 | D:1      | Reached skill level 1 in Fighting
   407 | D:1      | Reached XP level 3. HP: 27/27 MP: 0/0
   407 | D:1      | Learned a level 1 spell: Shock
  1332 | D:2      | Reached XP level 4. HP: 28/34 MP: 0/0
  1636 | D:2      | Reached XP level 5. HP: 40/40 MP: 0/0
  1636 | D:2      | Learned a level 2 spell: Call Imp
  1683 | D:2      | Found a faded altar of an unknown god.
  2212 | D:3      | Found an iron altar of Okawaru.
  2274 | D:3      | Found a sparkling altar of Nemelex Xobeh.
  2274 | D:3      | Found a hazy altar of Hepliaklqana.
  2738 | D:4      | Reached XP level 6. HP: 32/47 MP: 0/0
  2749 | D:4      | Found a sand-covered staircase.
  2777 | Ossuary  | Entered an ossuary
  2938 | Ossuary  | Slain by a burial acolyte

Illustrated notes

Levels and vault maps discovered:
D:1:      psy_arrival_radial01, layout_loops_ring, minmay_circled_x
D:2:      layout_loops_ring, shapermc_ecumenical_altar_hornbeckon
D:3:      layout_loops_ring, jmf_multi_god_temple, kennysheep_okawaru_gauntlet
D:4:      layout_cave_pools, mainiacjoe_overflow_six_doors_small, zin_statuary,
          yredelemnul_altar_generic, serial_shops, nicolae_shop_rolling_square,
          chequers_ossuary_entry_cave, hangedman_decor_points, roderic_batcave,
          corexii_shack
Ossuary:  ossuary_crypta

Skill      XL: |  1  2  3  4  5  6 |
---------------+-------------------+-----
Spellcasting   | 3 4 |  4.3
Conjurations   | 3 4 |  4.3
Hexes          | 3 4 |  4.3
Summonings     | 3 4 |  4.3
Necromancy     | 3 4 |  4.3
Translocations | 3 4 |  4.3
Fire Magic     | 3 4 |  4.3
Ice Magic      | 3 4 |  4.3
Air Magic      | 3 4 |  4.3
Earth Magic    | 3 4 |  4.3
Alchemy        | 3 4 |  4.3
Fighting       | 1 2 3 4 |  4.0
Short Blades   | |  0.8
Dodging        | |  2.1
Stealth        | |  2.4

Action                     |  1- 3 |  4- 6 || total
---------------------------+-------+-------++-------
  Melee: Dagger            |    68 |       ||    68
   Cast: Ensorcelled Hiber |     1 |     5 ||     6
         Shock             |    46 |   119 ||   165
    Use: Potion            |       |     1 ||     1
   Stab: Sleeping          |     4 |       ||     4
         Distracted        |     1 |       ||     1
 Armour: Robe              |    32 |    42 ||    74
  Dodge: Dodged            |    51 |    30 ||    81

Table legend: (Time is in decaauts)
 A = Elapsed time spent in this place.
 B = Non-inter-level travel time spent in this place.
 C = Inter-level travel time spent in this place.
 D = Time resting spent in this place.
 E = Time spent auto-exploring this place.
 F = Levels seen in this place.
 G = Mean time per level.
                   A        B        C        D        E       F      G
               +--------+--------+--------+--------+--------+-----+--------+
         Total |   2935 |   2816 |    119 |    145 |   2165 |   5 |  587.0 |
       Dungeon |   2774 |   2655 |    119 |    145 |   2037 |   4 |  693.5 |
       Ossuary |    160 |    160 |      0 |      0 |    128 |   1 |  160.0 |
               +--------+--------+--------+--------+--------+-----+--------+

Top non-repeatable levels by time:
     D:1: 1075 daAuts
     D:2: 892 daAuts
     D:3: 755 daAuts
 Ossuary: 160 daAuts
     D:4: 51 daAuts
